 Dungeon Crawl Stone Soup version 0.30.1-9-gdf580d7c3d (webtiles) character file.

Game seed: 11141240134606154314

117 lonewolfV2 the Covered (level 4, -2/35 HPs)
             Began as a Demonspawn Fighter on Oct 26, 2023.
             Slain by an orc
             ... wielding a +0 hand axe
              (5 damage)
             ... on level 3 of the Dungeon.
             The game lasted 00:03:14 (2241 turns).

lonewolfV2 the Covered (Demonspawn Fighter)         Turns: 2241, Time: 00:03:15

Health: -2/35      AC:  8    Str: 18 (19) XL:     4   Next: 71%
Magic:  4/4        EV: 10    Int:  7 (9)  God:
Gold:   134        SH:  4    Dex: 14 (16) Spells: 3/3 levels left

rFire   . . .        a - +0 war axe
rCold   . . .        c - +0 buckler
rNeg    . . .        b - +0 scale mail
rPois   .            (no helmet)
rElec   .            f - +0 cloak
rCorr   .            (no gloves)
SInv    .            (no boots)
Will    .....        i - amulet of magic regeneration
Stlth   ++           (no ring)
HPRegen 0.25/turn    (no ring)
MPRegen 0.49/turn

%: no passive effects
@: hasted, very quick
A: thin skeletal structure 2
a: no special abilities


You were on level 3 of the Dungeon.
You visited 1 branch of the dungeon, and saw 3 of its levels.

You collected 134 gold pieces.

Inventory:

Hand Weapons
 a - a +0 war axe (weapon)
Armour
 b - a +0 scale mail (worn)
 c - a +0 buckler (worn)
 f - a +0 cloak (worn)
Jewellery
 i - an amulet of magic regeneration (around neck)
Scrolls
 d - a scroll of amnesia {unknown}
 g - 4 scrolls of identify
 k - a scroll of brand weapon {unknown}
Potions
 e - a potion of haste
 h - a potion of flight
 j - a potion of degeneration


   Skills:
 - Level 3.0 Fighting
 - Level 1.7 Axes
 + Level 3.6 Armour
 * Level 3.2 Dodging
 - Level 2.6 Shields


You had 3 spell levels left.
You didn't know any spells.
Your spell library contained the following spells:

 Spells                   Type           Power      Damage    Failure   Level
 Beastly Appendage        Tmut           0%         N/A       88%         1
 Sandblast                Erth           0%         2d4       88%         1
 Blink                    Tloc           0%         N/A       95%         2
 Ensorcelled Hibernation  Hex/Ice        0%         N/A       95%         2
 Passwall                 Tmut/Erth      0%         N/A       95%         2
 Wereblood                Tmut           0%         N/A       95%         2
 Spider Form              Tmut/Pois      0%         N/A       99%         3
 Stone Arrow              Conj/Erth      0%         3d7       99%         3
 Anguish                  Hex/Necr       0%         N/A       100%        4
 Manifold Assault         Tloc           0%         N/A       100%        4
 Storm Form               Tmut/Air       0%         N/A       100%        7


Dungeon Overview and Level Annotations

Branches:
Dungeon (3/15)

Altars:


Innate Abilities, Weirdness & Mutations

You have a moderately thin skeletal structure. (Dex +4, Stealth++)


Message History

Reactivating autopickup.
You feel a bit more experienced.
Items here: )) [ ††.
HP restored.
d - a scroll labelled AFAIGG BIYD You pick up an Inescapable Atlas and begin reading...
You add the spells Blink, Manifold Assault and Storm Form to your library.
You see here a +0 dagger.
Items here: )) [ ††.
Items here: )) [ ††.
You see here a +0 dagger.
An orc priest and an orc wizard come into view.
The orc priest shouts!
You hear a shout!
An orc comes into view. It is wielding a +0 hand axe.
An orc comes into view. It is wielding a +0 trident.
An orc comes into view. It is wielding a +0 hand axe.
A goblin comes into view. It is wielding a +0 sling.
There are monsters nearby!
There are monsters nearby!
The orc shouts!
You hear a shout!
The orc priest mumbles some strange prayers to Beogh against you.
Beogh smites you!
The orc shouts!
The orc priest miscasts a cantrip.
The orc priest calls down the wrath of Beogh upon you.
Beogh smites you!
A gnoll comes into view. It is wielding a +0 spear.
The orc priest invokes the aid of Beogh against you.
Pain shoots through your body!
* * * LOW HITPOINT WARNING * * *
It was a potion of degeneration.
There was something very wrong with that liquid.
You feel weakened.
You feel dopey.
You feel clumsy.
It was a potion of haste.
You feel yourself speed up. The orc closely misses you.
Okay, then.
You hit the orc.
The orc is lightly wounded.
The orc hits you with a +0 hand axe.
You die...

.#...........####.#......##
.........#.###.......#####
#........#.###.#####.#
##.#........##.#####.#####
#.....oo.......##.#..>##
######oo.##.##.##.......
##g###.#.#........# #o#
#........###.# ##.## #@#
#########...## #...# #.#
##### #...# #.########
#...# #####........###
#####...####.#........#....
#
#...........#..##.#..##....
#
...........###..........)..
#
#...>.....†.#..##....##...
#####...####.#.##.#.###...


You could see an orc priest, an orc wizard, 3 orcs and a goblin.

Vanquished Creatures
  Crazy Yiuf (D:2)
  An orc wizard (D:3)
  2 adders (D:2)
  2 orcs (D:3)
  4 ball pythons
  2 bats
  4 endoplasms (D:1)
  5 hobgoblins
  4 jackals (D:1)
  3 quokkas
  4 frilled lizards
  5 goblins
  A kobold (D:1)
  3 rats
41 creatures vanquished.

Vanquished Creatures (others)
  A ball python (D:1)
1 creature vanquished.

Grand Total: 42 creatures vanquished

Notes
Turn   | Place    | Note
-------+----------+-------------------------------------------
     0 | D:1      | lonewolfV2 the Demonspawn Fighter began the quest for the
                  | Orb.
     0 | D:1      | Reached XP level 1. HP: 18/18 MP: 1/1
    45 | D:1      | Reached skill level 1 in Dodging
   115 | D:1      | Gained mutation: You have a somewhat thin skeletal
                  | structure. (Dex +2, Stealth+) [demonic ancestry]
   115 | D:1      | Reached XP level 2. HP: 16/24 MP: 2/2
   213 | D:1      | Found a faded altar of an unknown god.
   232 | D:1      | Found a faded altar of an unknown god.
   546 | D:1      | Gained mutation: You have a moderately thin skeletal
                  | structure. (Dex +4, Stealth++) [demonic ancestry]
   546 | D:1      | Reached XP level 3. HP: 25/29 MP: 3/3
  1171 | D:2      | Found a runed translucent door.
  1172 | D:2      | Noticed Crazy Yiuf
  1707 | D:2      | Killed Crazy Yiuf
  1708 | D:2      | Reached XP level 4. HP: 7/35 MP: 4/4
  2241 | D:3      | Slain by an orc

Illustrated notes

Levels and vault maps discovered:
D:1:      eino_arrival_water_star, layout_basic,
          hellmonk_ecumenical_altar_the_god_not_taken, lemuel_flame_loot_1
D:2:      layout_basic, minmay_unequal, uniq_crazy_yiuf_cottage
D:3:      minmay_goblin_kobold_castle, layout_loops_cross

Skill      XL: |  1  2  3  4 |
---------------+-------------+-----
Dodging        | 1 2 3 |  3.2
Armour         | 3 |  3.6
Fighting       | |  3.0
Axes           | |  1.7
Shields        | |  2.6

Action                     |  1- 3 |  4- 6 || total
---------------------------+-------+-------++-------
  Melee: War axe           |    99 |    28 ||   127
    Use: Scroll            |     5 |       ||     5
         Potion            |     1 |     2 ||     3
   Stab: Sleeping          |     1 |       ||     1
 Armour: Scale mail        |    51 |    17 ||    68
  Dodge: Dodged            |    83 |    10 ||    93
  Block: Buckler           |    33 |     8 ||    41
